[Event "*** Titled Tuesday Blitz"]
[Site "Chess.com"]
[Date "2020.05.05"]
[Round "2"]
[White "Noam_Vitenberg"]
[Black "nadirsm"]
[Result "1-0"]
[WhiteElo "2500"]
[BlackElo "2142"]
[TimeControl "180+1"]
[EndTime "10:18:34 PDT"]
[Termination "Noam_Vitenberg won on time"]

1. d4 d5 2. c4 c6 3. Nf3 e6 4. e3 f5 5. Bd3 Nf6 6. O-O Bd6 7. b3 Qe7 8. a4 O-O 9. Ba3 Nbd7 10.
Bxd6 Qxd6 11. Nbd2 Ne4 12. Ne1 Rf6 13. f3 Rh6 14.
fxe4 Qxh2+ 15. Kf2 Qh4+ 16. g3 Qh2+ 17. Ng2 fxe4 18.
Nxe4 dxe4 19. Bxe4 Rf6+ 20. Bf3 Rg6 21. g4 Nf6 22. Rh1 Qc7 23. Nf4 Nxg4+ 24. Bxg4 Rf6 25. Bf3 e5 26. Nh5 Rf8 27. Rg1 g6 28. Qd3 Bf5 29.
e4 Bd7 30. dxe5 Rad8 31. Nf6+ Kg7 32. Qe3 1-0

[Event "*** Titled Tuesday Blitz"]
[Site "Chess.com"]
[Date "2020.05.05"]
[Round "2"]
[White "TerorPtica"]
[Black "Shukh_Nikolay"]
[Result "1-0"]
[WhiteElo "2863"]
[BlackElo "2552"]
[TimeControl "180+1"]
[EndTime "10:18:35 PDT"]
[Termination "TerorPtica won by resignation"]

1. d4 Nf6 2. c4 e6 3. Nc3 d5 4.
cxd5 exd5 5. Bg5 Nbd7 6. e3 Be7 7. Bd3 c6 8. Qc2 Nf8 9. Nf3 g6 10. O-O-O Ne6 11. Bh4 Ng7 12. Ne5 O-O 13. f3 Nd7 14.
Bg3 Nxe5 15. Bxe5 b5 16. Kb1 a5 17.
g4 Bh4 18. Ne2 Bd7 19. h3 Re8 20. e4 b4 21. Bg3 Bxg3 22. Nxg3 Qh4 23. Qg2 Ne6 24. Ne2 c5 25. dxc5 Nxc5 26. exd5 Nxd3 27. Rxd3 Bb5 28. Rd2 Rad8 29. Ng3 Qf6 30. Ne4 Qf4 31. g5 Re5 32. h4 Kg7 33. Rhd1 Bd7 34. Nf6 Bf5+ 35. Ka1 Rc8 36. h5 Qc4 37. h6+ Kh8 38.
Qg1 a4 39. d6 a3 40. d7 Rd8 41.
Qd4 axb2+ 42. Qxb2 Qc3 43. Rc1 Rc5 44. Rxc3 bxc3 45. Qb6 1-0

[Event "*** Titled Tuesday Blitz"]
[Site "Chess.com"]
[Date "2020.05.05"]
[Round "2"]
[White "pouya21"]
[Black "ThePatrick27"]
[Result "1-0"]
[WhiteElo "2793"]
[BlackElo "2525"]
[TimeControl "180+1"]
[EndTime "10:18:36 PDT"]
[Termination "pouya21 won by resignation"]

1. d4 Nf6 2. c4 e6 3. Nc3 d5 4.
cxd5 exd5 5. Bg5 c6 6. e3 Be7 7. Bd3 O-O 8. Nge2 Nbd7 9. O-O Re8 10. Qc2 Nf8 11. f3 h6 12. Bh4 c5 13. Rad1 c4 14. Bf5 Bxf5 15. Qxf5 Qd7 16. Qc2 b5 17. Bxf6 Bxf6 18. Nf4 Bg5 19. Ncxd5 Ne6 20. Qf5 Rad8 21. h4 Nxf4 22. Qxd7 Rxd7 23. Nxf4 Bxf4 24. exf4 Red8 25. Kf2 Rxd4 26. Rxd4 Rxd4 27. Ke3 Rd8 28. a4 a6 29.
axb5 axb5 30. Ra1 Rd3+ 31. Ke2 Rb3 32. Ra2 h5 33. Kd2 Kh7 34. f5 g6 35. fxg6+ Kxg6 36. Kc2 Re3 37. Kd2 Rb3 38. Kc2 Re3 39. Ra6+ f6 40.
Rb6 Rb3 41. g4 hxg4 42. fxg4 Rg3 43. g5 b4 44. Rxb4 fxg5 45. hxg5 Rg4 46. Kc3 Kxg5 47. Rxc4 Rg3+ 48. Kb4 Kf6 49. Rc3 Rg8 50. Re3 1-0

[Event "*** Titled Tuesday Blitz"]
[Site "Chess.com"]
[Date "2020.05.05"]
[Round "2"]
[White "arminmusovic"]
[Black "124chess"]
[Result "0-1"]
[WhiteElo "2509"]
[BlackElo "2739"]
[TimeControl "180+1"]
[EndTime "10:18:36 PDT"]
[Termination "124chess won by checkmate"]

1. a3 d5 2. Nc3 Nf6 3. d3 e6 4.
Bg5 Be7 5. e4 O-O 6. f4 h6 7.
Bxf6 Bxf6 8. e5 Be7 9. Nf3 c5 10. g3 Nc6 11. Bh3 b5 12. O-O b4 13. axb4 cxb4 14.
Ne2 a5 15. g4 a4 16. Ng3 a3 17. f5 Bd7 18. Nh5 axb2 19. Rb1 Bg5 20. f6 Be3+ 21. Kh1 g6 22. Qe2 d4 23. g5 hxg5 24. Ng7 Qc7 25. Bg2 Nxe5 26. Nxe5 Qxe5 27. Rxb2 Rac8 28. Rxb4 Bc6 29.
Rb6 Bxg2+ 30. Qxg2 Qd5 31. Qxd5 exd5 32. Rb2 Rc6 33.
Ra1 Rxf6 34. Ra5 Kxg7 35. Rxd5 Rh8 36. Kg2 Rf2+ 37. Kg3 Rhxh2 38. Rb7 Bf4+ 39. Kg4 Rhg2+ 40. Kh3 Rg3# 0-1

[Event "*** Titled Tuesday Blitz"]
[Site "Chess.com"]
[Date "2020.05.05"]
[Round "2"]
[White "RaphaeI"]
[Black "AnonymusDonkey"]
[Result "1-0"]
[WhiteElo "2638"]
[BlackElo "2312"]
[TimeControl "180+1"]
[EndTime "10:18:36 PDT"]
[Termination "RaphaeI won by resignation"]

1. Nf3 Nf6 2. c4 c6 3. Nc3 d5 4. e3 g6 5. d4 Bg7 6. Be2 O-O 7. O-O a6 8. cxd5 cxd5 9. Bd2 Nc6 10. Ne5 Nxe5 11. dxe5 Ne4 12. Nxe4 dxe4 13. Bc3 Qxd1 14. Rfxd1 Be6 15. a4 Rfd8 16. a5 Bb3 17. Rdc1 Rac8 18. Bd4 Be6 19. b4 Rxc1+ 20. Rxc1 Rc8 21.
Rxc8+ Bxc8 22. Bc4 e6 23. Kf1 Bd7 24. Ke2 Bc6 25.
Kd2 Kf8 26. Kc3 Ke8 27. Bb3 Kd7 28. Bc2 Bd5 29. h4 Kc6 30. Ba4+ Kc7 31. Be8 Kd8 32.
Bxf7 Ke7 33. Bg8 h5 34. Bc5+ Kd7 35. Kd4 Ke8 36. Bd6 Bf8 37. Kc5 Bxd6+ 38. Kxd6 1-0

[Event "*** Titled Tuesday Blitz"]
[Site "Chess.com"]
[Date "2020.05.05"]
[Round "2"]
[White "MattyDPerrine"]
[Black "Margarita2907"]
[Result "1-0"]
[WhiteElo "2358"]
[BlackElo "1966"]
[TimeControl "180+1"]
[EndTime "10:18:36 PDT"]
[Termination "MattyDPerrine won on time"]

1. Nf3 d5 2. c4 e6 3. g3 Nf6 4. Bg2 Be7 5. O-O O-O 6. b3 c6 7. Bb2 b6 8. e3 Ba6 9. Qe2 Nbd7 10. d3 Qc7 11. Nbd2 c5 12. Rac1 Qd6 13. Rfd1 Rac8 14.
e4 dxe4 15. Nxe4 Nxe4 16. dxe4 Qc7 17. h4 e5 18. Bh3 Rcd8 19. Bxd7 Rxd7 20. Bxe5 Rxd1+ 21. Rxd1 Qc6 22. Rd5 f6 23. Bf4 Re8 24. Qd3 b5 25.
Nd2 bxc4 26. Nxc4 Bxc4 27. Qxc4 Kh8 28. f3 a5 29. Rd3 h6 30. Qd5 Qb5 31. Qd7 Qxd7 32.
Rxd7 g5 33. hxg5 hxg5 34. Be3 Kg8 35. Kf2 Kf8 36. Ra7 Rc8 37. Rxa5 c4 38. bxc4 Rxc4 39. Ke2 Rc2+ 40. Kd3 Rg2 41. g4 Rg3 42. Rf5 Rg2 43.
Bxg5 Rxa2 44. Bxf6 Ra3+ 45. Kc4 Ra4+ 46. Kb5 Rb4+ 47.
Ka5 1-0

[Event "*** Titled Tuesday Blitz"]
[Site "Chess.com"]
[Date "2020.05.05"]
[Round "2"]
[White "picturesquecheck"]
[Black "2346PL"]
[Result "1-0"]
[WhiteElo "2078"]
[BlackElo "2357"]
[TimeControl "180+1"]
[EndTime "10:18:37 PDT"]
[Termination "picturesquecheck won by resignation"]

1. e4 c5 2. Nf3 Nf6 3. e5 Nd5 4. Nc3 e6 5. d4 Nxc3 6. bxc3 d6 7. Bb5+ Bd7 8. Bxd7+ Nxd7 9. exd6 Bxd6 10. O-O O-O 11. Ba3 Qc7 12. Qe2 Rac8 13. Rfd1 cxd4 14. Bxd6 Qxd6 15.
cxd4 Rc3 16. Rd2 Rfc8 17. Ng5 Qc6 18. Rc1 Nf6 19. h4 h6 20. Nf3 Qa4 21. Ne5 Qxa2 22. g4 Qb2 23. Rcd1 Rxc2 24. g5 hxg5 25. hxg5 Ne4 26. Rxc2 Qxc2 27. Qf3 Nxg5 28. Qg4 Qf5 29. Qxf5 exf5 30. d5 Rd8 31. d6 f6 32. Nc4 Kf7 33. Rb1 Rd7 34. Na5 b6 35. Nc4 Nf3+ 36. Kg2 Ne5 37.
Ne3 f4 38. Nf5 g6 39. Ne7 Rxd6 40. Nc8 Rd7 41. Ra1 Rc7 42. Nxa7 g5 43. Nb5 Kg6 44. Nxc7 g4 45. Nd5 b5 46. Nxf4+ Kf5 47. Nd5 Ke6 48. Ne3 f5 49. Rb1 f4 50. Nc2 1-0

[Event "*** Titled Tuesday Blitz"]
[Site "Chess.com"]
[Date "2020.05.05"]
[Round "2"]
[White "PotapovaM"]
[Black "Shushik"]
[Result "1-0"]
[WhiteElo "2368"]
[BlackElo "2037"]
[TimeControl "180+1"]
[EndTime "10:18:37 PDT"]
[Termination "PotapovaM won by resignation"]

1. d4 d5 2. c4 e6 3. Nf3 Nf6 4. g3 Be7 5. Bg2 O-O 6. O-O Nbd7 7. Nc3 dxc4 8. Nd2 c5 9. dxc5 Nxc5 10. Nxc4 Ncd7 11. Bf4 Nb6 12. Nd6 Bxd6 13. Bxd6 Re8 14. Nb5 Nc4 15. b3 Nxd6 16. Qxd6 a6 17. Qxd8 Rxd8 18.
Nc3 Rb8 19. Na4 b6 20. Rfd1 Bd7 21. Nb2 h6 22. Rac1 Bb5 23. Kf1 Nd5 24. a4 Be8 25. Nd3 Nf6 26. h3 Nd7 27. b4 f6 28. Nf4 e5 29.
Nd5 Kf7 30. e3 Nf8 31. Rc7+ Rd7 32. Rdc1 Kg8 33. Ne7+ Kf7 34. Nf5 Kg8 35. g4 Kf7 36. Bf3 Kg8 37. Ke2 Rbd8 38. Rxd7 Rxd7 39. Rc2 Kf7 40.
a5 bxa5 41. bxa5 Rb7 42. Bxb7 1-0

[Event "*** Titled Tuesday Blitz"]
[Site "Chess.com"]
[Date "2020.05.05"]
[Round "2"]
[White "Sashadav97"]
[Black "harvsp123"]
[Result "1-0"]
[WhiteElo "2763"]
[BlackElo "2520"]
[TimeControl "180+1"]
[EndTime "10:18:38 PDT"]
[Termination "Sashadav97 won by resignation"]

1. d4 Nf6 2. c4 g6 3. Nc3 d5 4. cxd5 Nxd5 5. e4 Nxc3 6. bxc3 Bg7 7. Nf3 c5 8. Bb5+ Nc6 9. d5 a6 10. Be2 Bxc3+ 11. Bd2 Bxa1 12. Qxa1 Nd4 13. Nxd4 cxd4 14. Qxd4 O-O 15. h4 f6 16. h5 g5 17. h6 Kh8 18.
Rh5 Rf7 19. e5 Bf5 20. Bc3 Bg6 21. Rh3 Rc8 22. Re3 b5 23. e6 Rf8 24. d6 Kg8 25. dxe7 Qxe7 26. Bb4 Rc1+ 27. Kd2 Rfc8 28. Bd3 Qe8 29.
Qxf6 R1c2+ 30. Bxc2 Rxc2+ 31. Ke1 Rc1+ 32. Ke2 Rc2+ 33.
Kf3 Qc6+ 34. Kg3 Qd6+ 35. Kh3 Bf5+ 36. Qxf5 Qxb4 37. Qxg5+ Kf8 38. Rf3+ Ke8 39. Qg8+ 1-0

[Event "*** Titled Tuesday Blitz"]
[Site "Chess.com"]
[Date "2020.05.05"]
[Round "2"]
[White "floplover"]
[Black "MaxVavulin"]
[Result "1-0"]
[WhiteElo "2280"]
[BlackElo "2596"]
[TimeControl "180+1"]
[EndTime "10:18:38 PDT"]
[Termination "floplover won by resignation"]

1. d4 Nf6 2. c4 e6 3. Nc3 Bb4 4. Qc2 b6 5. e4 Bb7 6. Bd3 c5 7. d5 b5 8. cxb5 exd5 9. exd5 Bxd5 10. Ne2 c4 11. Bf5 g6 12. Bg5 Bxg2 13. Bxf6 Qxf6 14. Be4 Bxc3+ 15. bxc3 Bxh1 16. Bxh1 Nc6 17. bxc6 dxc6 18. Qe4+ Kf8 19. Qd4 Kg7 20. O-O-O Rhe8 21. Qxf6+ Kxf6 22. Nd4 Rab8 23. Bxc6 Re5 24. Ba4 Rb6 25. Bc2 Ra5 26.
a4 Rh5 27. Rh1 Rh3 28. Kd2 Rd6 29. Bd1 Kg7 30. Be2 Rh4 31. Bxc4 Rf4 32. Ke3 Rdf6 33. f3 g5 34. Rg1 h6 35. Bd3 Kf8 36. Be4 Rh4 37.
Rg2 Rb6 38. c4 Rb2 39. Rxb2 1-0

[Event "*** Titled Tuesday Blitz"]
[Site "Chess.com"]
[Date "2020.05.05"]
[Round "2"]
[White "crywolf1986"]
[Black "FM_VS99"]
[Result "1/2-1/2"]
[WhiteElo "2487"]
[BlackElo "2281"]
[TimeControl "180+1"]
[EndTime "10:18:39 PDT"]
[Termination "Game drawn - insufficient material"]

1. d4 g6 2. Nf3 Bg7 3. c4 d6 4. g3 Nf6 5. Bg2 O-O 6. O-O Nc6 7. Nc3 e5 8. dxe5 Nxe5 9. Nxe5 dxe5 10. Qxd8 Rxd8 11. Bg5 Re8 12. Rad1 h6 13. Bc1 c6 14. b3 Be6 15. Ba3 Bf8 16. Bb2 a5 17.
Na4 Nd7 18. Rd3 Nc5 19. Nxc5 Bxc5 20. Rfd1 Bf5 21. e4 Bg4 22. Bf3 Bxf3 23. Rxf3 Re7 24. Rfd3 a4 25. Rd8+ Re8 26. Rxa8 Rxa8 27. Bxe5 axb3 28.
axb3 g5 29. Bd4 Bxd4 30. Rxd4 Ra1+ 31. Kg2 Rb1 32. Rd3 Kg7 33. f4 Rb2+ 34. Kf3 gxf4 35. Kxf4 Rf2+ 36. Kg4 Rxh2 37. Rd7 b5 38. cxb5 cxb5 39. Rb7 Re2 40. Kf3 Rc2 41. Rxb5 Kg6 42. Rb8 Kf6 43. b4 Ke5 44. Re8+ Kf6 45. b5 Rb2 46. Rb8 Ke5 47. b6 Rb3+ 48. Kg4 Kxe4 49. b7 f5+ 50. Kh5 Kf3 51. Kxh6 Rb5 52. Kh5 f4+ 53. Kh4 fxg3 54. Rf8+ Ke2 55. b8=Q Rxb8 56. Rxb8 g2 57. Rb2+ Kf1 58. Rb1+ Kf2 59.
Rb2+ Kf1 60. Rb1+ Kf2 61. Kh3 g1=Q 62. Rxg1 Kxg1 1/2-1/2

[Event "*** Titled Tuesday Blitz"]
[Site "Chess.com"]
[Date "2020.05.05"]
[Round "2"]
[White "kleopl"]
[Black "svilson23"]
[Result "0-1"]
[WhiteElo "2447"]
[BlackElo "2250"]
[TimeControl "180+1"]
[EndTime "10:18:39 PDT"]
[Termination "svilson23 won by checkmate"]

1. c4 e6 2. Nc3 d5 3. d4 f5 4. g3 c6 5. Bg2 Nf6 6. Nh3 Bd6 7.
Bf4 Be7 8. O-O O-O 9. b3 Nbd7 10.
Rc1 Ne4 11. f3 Nxc3 12. Rxc3 g5 13. Bc1 h6 14. Nf2 a5 15. e4 Nf6 16. Rc2 a4 17.
Qd3 axb3 18. axb3 b5 19. Re1 bxc4 20. bxc4 Ba6 21. exf5 Bxc4 22. Qe3 Bb4 23. Qxe6+ Kg7 24. Re5 Re8 25. Qxc6 Bd6 26. f4 Rc8 27. Rxe8 Nxe8 28. Qb7+ Rc7 29. Qb2 gxf4 30. g4 Qg5 31. Qb8 Nf6 32.
h3 h5 33. Ba3 hxg4 34. Bxd6 Rd7 35. hxg4 Nxg4 36. Nh3 Qh4 37. Bxf4 Qe1+ 38. Bf1 Qxf1# 0-1

[Event "*** Titled Tuesday Blitz"]
[Site "Chess.com"]
[Date "2020.05.05"]
[Round "2"]
[White "Rap_woyska"]
[Black "tamarozi99"]
[Result "1-0"]
[WhiteElo "2361"]
[BlackElo "2005"]
[TimeControl "180+1"]
[EndTime "10:18:39 PDT"]
[Termination "Rap_woyska won on time"]

1. c4 Nf6 2. Nf3 g6 3. g3 Bg7 4. Bg2 O-O 5. O-O d6 6. d4 Nc6 7. Nc3 a6 8. d5 Na5 9. b3 c5 10. dxc6 Nxc6 11. Bb2 Bd7 12. Qd2 Qc8 13. Rfd1 Bh3 14.
Bh1 Ng4 15. Rac1 h6 16. Nd5 Qe6 17. Bxg7 Kxg7 18. Nc7 Qf5 19. Nxa8 Rxa8 20. Qd3 Qh5 21. Qd5 Nce5 22. Nxe5 Nxe5 23. f4 Nc6 24. Qxh5 gxh5 25. c5 dxc5 26. Rxc5 Bg4 27. Kf2 Rc8 28. Rdc1 Rd8 29.
Bxc6 bxc6 30. Rxc6 Rd2 31. R1c2 Rd1 32. Kg2 Bf5 33. Rc1 Be4+ 34. Kf2 Rd2 35. Rxa6 h4 36. gxh4 Rb2 37. Ke3 Bf5 38. h5 Bg4 39. Rg1 f5 40. h3 1-0

[Event "*** Titled Tuesday Blitz"]
[Site "Chess.com"]
[Date "2020.05.05"]
[Round "2"]
[White "tylityli"]
[Black "Borsuk_Konstantin"]
[Result "0-1"]
[WhiteElo "2333"]
[BlackElo "2629"]
[TimeControl "180+1"]
[EndTime "10:18:40 PDT"]
[Termination "Borsuk_Konstantin won on time"]

1. e4 e6 2. d4 d5 3. exd5 exd5 4.
Bd3 Bd6 5. Nf3 Ne7 6. O-O Bg4 7. h3 Bh5 8. Re1 c6 9. Nc3 Nd7 10. a4 Qc7 11. Bg5 f6 12. Bh4 O-O 13. g4 Bf7 14. Kg2 Ng6 15. Bxg6 Bxg6 16. Bg3 f5 17.
Ng5 f4 18. Ne6 Qb6 19. Nxf8 Rxf8 20. Bh4 Qxb2 21. Be7 f3+ 22. Kg1 Bxe7 23. Rxe7 Nf6 24. Qe1 Qxc2 25. Rc1 Qb2 26. Qe3 Qb4 27. Re1 Ne4 28.
Rc7 Nxc3 29. Qe7 Qxd4 30. Rxb7 Ne2+ 31. Kh1 Qc3 0-1

[Event "*** Titled Tuesday Blitz"]
[Site "Chess.com"]
[Date "2020.05.05"]
[Round "2"]
[White "El_ultimo_Pablo"]
[Black "Oleksandr_Bortnyk"]
[Result "0-1"]
[WhiteElo "2476"]
[BlackElo "2990"]
[TimeControl "180+1"]
[EndTime "10:18:40 PDT"]
[Termination "Oleksandr_Bortnyk won by checkmate"]

1. d4 d6 2. Nf3 Nf6 3. c4 Bf5 4. Nc3 g6 5. Nh4 Bd7 6. e4 Bg7 7. Bd3 O-O 8. Nf3 c5 9. d5 e6 10. O-O exd5 11. exd5 Na6 12. h3 Re8 13. Re1 Qb6 14.
a3 Rxe1+ 15. Nxe1 Re8 16. Rb1 Qd8 17. Bf4 Qe7 18. Nf3 Nh5 19. Bd2 Nc7 20. Qc2 f5 21.
Re1 Qf8 22. Rxe8 Nxe8 23. b4 b6 24. b5 Qe7 25. Qd1 h6 26. Qe2 Qf7 27. a4 g5 28.
Nd1 Bf6 29. Qe1 g4 30. hxg4 fxg4 31. Nh2 Be5 32. Qe4 g3 33. fxg3 Nxg3 34. Qg6+ Qxg6 35. Bxg6 Kg7 36. Bd3 Nf6 37. Nf3 Ba1 38. Bf4 Nge4 39. Nf2 Nxf2 40. Kxf2 Ne8 41. Ke3 Bg4 42. Nd2 Bd4+ 43. Ke4 Nf6# 0-1

[Event "*** Titled Tuesday Blitz"]
[Site "Chess.com"]
[Date "2020.05.05"]
[Round "2"]
[White "Gabrielian_Artur"]
[Black "ENEASZ"]
[Result "1-0"]
[WhiteElo "2707"]
[BlackElo "2480"]
[TimeControl "180+1"]
[EndTime "10:18:41 PDT"]
[Termination "Gabrielian_Artur won on time"]

1. e4 d6 2. d4 Nf6 3. Nc3 e5 4. Nf3 Nbd7 5. Bc4 Be7 6. O-O O-O 7. a4 c6 8. h3 b6 9. Re1 a6 10. d5 c5 11. Bf1 g6 12. Nd2 Nh5 13. Nc4 Ng7 14. f4 f6 15. f5 gxf5 16. exf5 Nxf5 17. Ne4 Kh8 18. Ra3 Rg8 19. Rf3 Nd4 20. Rf2 Nf8 21.
c3 b5 22. cxd4 bxc4 23. dxc5 f5 24. Nxd6 Bxd6 25. cxd6 Qxd6 26. Bd2 Ng6 27. Bc3 Bd7 28. Bxc4 Rac8 29. Qe2 Rce8 30. Bxa6 h6 31. Bb5 Kh7 32. Bxd7 Qxd7 33. Qb5 Qa7 34. Kf1 f4 35. a5 e4 36.
Qb6 Qd7 37. Qc6 Qf5 38. d6 e3 39. Rf3 Rd8 40. Rexe3 1-0

[Event "*** Titled Tuesday Blitz"]
[Site "Chess.com"]
[Date "2020.05.05"]
[Round "2"]
[White "TERMINATOR_PC"]
[Black "mirceaparligras"]
[Result "1-0"]
[WhiteElo "2450"]
[BlackElo "2648"]
[TimeControl "180+1"]
[EndTime "10:18:41 PDT"]
[Termination "TERMINATOR_PC won by resignation"]

1. e4 c5 2. Nc3 d6 3. g3 Nc6 4. Bg2 g6 5. d3 Bg7 6. Be3 Nf6 7. h3 O-O 8. Qd2 Rb8 9. f4 Bd7 10. Nf3 b5 11. O-O b4 12. Nd1 a5 13. g4 a4 14.
Rb1 a3 15. b3 Ne8 16. f5 Nd4 17.
Rf2 e6 18. Bh6 exf5 19. Bxg7 Kxg7 20. exf5 Nxf3+ 21. Rxf3 Bc6 22. Rf2 Bxg2 23. Kxg2 Qh4 24. Ne3 Nf6 25. Rbf1 Rbe8 26. Rf3 h5 27. g5 Qxg5+ 28. Rg3 Ng4 29. hxg4 hxg4 30. f6+ Kg8 31. Rf2 Re6 32. Nxg4 Qxd2 33. Rxd2 Rfe8 34. Rf2 Re1 35. Rgf3 Ra1 36. Rh3 Ree1 37. Kf3 Rf1 38. Rxf1 Rxf1+ 39. Ke4 Ra1 40. Kd5 Rxa2 41. Nh6+ Kf8 42. Nf5 Ke8 43. Kxd6 1-0

[Event "*** Titled Tuesday Blitz"]
[Site "Chess.com"]
[Date "2020.05.05"]
[Round "2"]
[White "kasparicy"]
[Black "AlphalphaZero"]
[Result "0-1"]
[WhiteElo "2290"]
[BlackElo "2547"]
[TimeControl "180+1"]
[EndTime "10:18:41 PDT"]
[Termination "AlphalphaZero won by resignation"]

1. e4 e6 2. d4 d5 3. Nd2 c5 4.
Ngf3 Nc6 5. Bb5 a6 6. exd5 axb5 7. dxc6 bxc6 8. dxc5 Bxc5 9. O-O Nf6 10. Qe2 O-O 11. Nb3 Be7 12. Bg5 Qc7 13. a3 Ra4 14. Nbd4 h6 15. Bh4 Bd7 16. c3 Qb6 17. Rad1 Re8 18. Bxf6 Bxf6 19. Nxb5 cxb5 20. Rxd7 Rd8 21. Rfd1 Rxd7 22.
Rxd7 g6 23. h3 Qc6 24. Ne5 Re4 25. Nxc6 Rxe2 26. b4 Re1+ 27. Kh2 Bxc3 28. Rb7 Ra1 29.
Rxb5 Rxa3 30. Rb8+ Kg7 31. b5 Bd2 32. g3 Rb3 33.
Kg2 Bg5 34. h4 Bf6 35. b6 Rc3 36. b7 Rxc6 37. Rc8 Rb6 38. b8=Q Rxb8 39. Rxb8 h5 40. Kf3 Be5 41. Ke4 Bxb8 42. f4 Ba7 43. Kf3 Bc5 44.
g4 hxg4+ 45. Kxg4 f5+ 46. Kf3 Be7 47. Kg3 Kh6 48. Kh3 Kh5 49. Kg3 Bxh4+ 0-1

[Event "*** Titled Tuesday Blitz"]
[Site "Chess.com"]
[Date "2020.05.05"]
[Round "2"]
[White "LuckSlayeer"]
[Black "Kobalia"]
[Result "0-1"]
[WhiteElo "2513"]
[BlackElo "2745"]
[TimeControl "180+1"]
[EndTime "10:18:42 PDT"]
[Termination "Kobalia won on time"]

1. e4 c6 2. c4 d5 3. exd5 cxd5 4. cxd5 Nf6 5. Nc3 Nxd5 6. Nf3 Nc6 7. Bb5 Nxc3 8. bxc3 Bd7 9. O-O g6 10. d4 Bg7 11. a4 O-O 12. Ba3 Re8 13. Re1 Rc8 14. Qd2 Na5 15. Qe3 Bxb5 16. axb5 Nc4 17. Bxe7 Qd7 18. Qg5 f6 19. Bxf6 Bxf6 20. Qxf6 Qxb5 21. Ng5 Qf5 22. Qxf5 gxf5 23. h4 a6 24. Ne6 a5 25.
Nc5 b6 26. Nd7 Kf7 27. Rxe8 Rxe8 28. Rb1 Re7 29. Ne5+ Nxe5 30. dxe5 Rb7 31. f4 a4 32.
Ra1 Ra7 33. Kf2 Ke6 34. Ke3 Kd5 35. Kd3 b5 36. Ra2 a3 37. h5 h6 38. g3 Ra4 39. g4 fxg4 40. f5 Kxe5 41. Kc2 g3 42. Kb3 Kxf5 0-1

[Event "*** Titled Tuesday Blitz"]
[Site "Chess.com"]
[Date "2020.05.05"]
[Round "2"]
[White "Alohamora11"]
[Black "GoValya"]
[Result "1-0"]
[WhiteElo "2510"]
[BlackElo "2169"]
[TimeControl "180+1"]
[EndTime "10:18:42 PDT"]
[Termination "Alohamora11 won by resignation"]

1. e4 e6 2. d4 d5 3. Nc3 Be7 4. Bd3 c5 5. exd5 exd5 6. Nf3 Nf6 7. O-O O-O 8. Re1 a6 9. dxc5 Bxc5 10. Bg5 Be6 11.
Ne2 Nbd7 12. Nf4 Qb6 13. Nxe6 Bxf2+ 14. Kh1 fxe6 15. Rf1 Bc5 16. Qe2 Ng4 17. Bh4 e5 18.
Bxh7+ Kh8 19. Ng5 Ndf6 20. Bg6 e4 21. h3 Ne5 22. Rxf6 Rxf6 23. Qh5+ Kg8 24. Qh7+ Kf8 25.
Qh8+ Ke7 26. Qxg7+ Kd8 27. Nf7+ Nxf7 28. Bxf6+ Be7 29. Bxe7+ Kxe7 30. Qxf7+ Kd6 31. Qf6+ Kc5 32. Qc3+ Kd6 33. Rf1 d4 34. Qa3+ Kc7 35. Qe7+ Kb8 36. Bxe4 Qxb2 37. Rf7 d3 38. Qxb7+ Qxb7 39. Rxb7+ Kc8 40.
cxd3 a5 41. Rc7+ Kxc7 42. Bxa8 Kd6 43. Be4 Ke5 44. h4 Kf4 45. h5 Kg5 46. g4 Kh6 47. Kg2 Kg5 48. Kg3 Kh6 49. Kh4 Kg7 50. g5 Kh8 51. h6 Kg8 52. g6 Kh8 53. g7+ Kg8 54.
Bd5+ Kh7 55. g8=Q+ Kxh6 56. Be4 1-0

[Event "*** Titled Tuesday Blitz"]
[Site "Chess.com"]
[Date "2020.05.05"]
[Round "2"]
[White "Grandmaster2B"]
[Black "swayamsm"]
[Result "1-0"]
[WhiteElo "2484"]
[BlackElo "2659"]
[TimeControl "180+1"]
[EndTime "10:18:43 PDT"]
[Termination "Grandmaster2B won on time"]

1. e4 e6 2. d4 d5 3. Nd2 Nf6 4. e5 Nfd7 5. Bd3 c5 6. c3 Nc6 7.
Ne2 cxd4 8. cxd4 f6 9. exf6 Nxf6 10. Nf3 Bd6 11. O-O Qc7 12. Nc3 O-O 13. Nb5 Qb8 14.
Nxd6 Qxd6 15. Re1 Bd7 16. Ne5 Be8 17. Bg5 Nxd4 18. Bxf6 gxf6 19. Qg4+ Kh8 20. Qh4 Nf5 21. Bxf5 exf5 22. Qh6 Rd8 23. Nf3 Bg6 24. Nd4 Rfe8 25.
Re3 Re4 26. Nf3 f4 27. Rd3 Kg8 28. Rad1 Qe6 29. h4 Qf5 30. Nd4 Qe5 31. Nf3 Qf5 32. Nd4 Qh5 33. Qxh5 Bxh5 34. f3 Re5 35. Nb5 a6 36.
Nc3 Bf7 37. Rd4 Kg7 38. Rxf4 Rc8 39. Rfd4 1-0

[Event "*** Titled Tuesday Blitz"]
[Site "Chess.com"]
[Date "2020.05.05"]
[Round "2"]
[White "Sychev_Klementy"]
[Black "regular_legs"]
[Result "0-1"]
[WhiteElo "2886"]
[BlackElo "2581"]
[TimeControl "180+1"]
[EndTime "10:18:44 PDT"]
[Termination "regular_legs won on time"]

1. e4 c6 2. d4 d5 3. e5 Bf5 4. Nf3 e6 5. Be2 Ne7 6. O-O Ng6 7.
Be3 Nd7 8. Nbd2 f6 9. c4 fxe5 10. dxe5 Ndxe5 11. Nd4 Bb4 12. g4 c5 13. Nxf5 exf5 14. gxf5 Nh4 15. f4 Nxf5 16. Bf2 Nf7 17. cxd5 Bxd2 18. Qxd2 O-O 19. Rad1 b6 20. Bf3 N7d6 21.
Kh1 Re8 22. Rde1 Qf6 23. Rg1 Nd4 24. Bxd4 cxd4 25. Re6 Rxe6 26. dxe6 Re8 27. Bd5 Kh8 28. Qd3 Qxf4 29. Rf1 Qg5 30. Qf3 h6 31. Bb3 Qe3 32.
Qxe3 dxe3 33. Rf3 Ne4 34. Rxe3 Nc5 35. Bd5 Re7 0-1

[Event "*** Titled Tuesday Blitz"]
[Site "Chess.com"]
[Date "2020.05.05"]
[Round "2"]
[White "Klavdia_Nik"]
[Black "Filip_Covic"]
[Result "0-1"]
[WhiteElo "1954"]
[BlackElo "2356"]
[TimeControl "180+1"]
[EndTime "10:18:45 PDT"]
[Termination "Filip_Covic won on time"]

1. Nf3 Nf6 2. c4 e6 3. b3 d5 4. Bb2 Be7 5. g3 O-O 6. Bg2 b6 7. O-O Bb7 8. d4 Nbd7 9. Nc3 c5 10. cxd5 Nxd5 11. Nxd5 Bxd5 12. dxc5 Nxc5 13. Rc1 Rc8 14. h3 Bf6 15. Bxf6 Qxf6 16. Qd4 Qe7 17. Qh4 Qxh4 18. Nxh4 Rfd8 19. Rfd1 Bxg2 20. Kxg2 Kf8 21. Rxd8+ Rxd8 22. Rc2 Ke7 23. Nf3 f6 24. Nd2 e5 25. g4 Ke6 26. f3 g6 27. Kf2 f5 28. Ke3 Rc8 29. Nc4 Rd8 30. Rd2 f4+ 31. Kf2 Rxd2 32. Nxd2 b5 33. b4 Nd7 34. e3 Kd5 35. Ke2 h6 36.
Kd3 Nb6 37. exf4 exf4 0-1

[Event "*** Titled Tuesday Blitz"]
[Site "Chess.com"]
[Date "2020.05.05"]
[Round "2"]
[White "Aygehovit1992"]
[Black "RestartingChess"]
[Result "0-1"]
[WhiteElo "2671"]
[BlackElo "2490"]
[TimeControl "180+1"]
[EndTime "10:18:46 PDT"]
[Termination "RestartingChess won on time"]

1. e4 d5 2. exd5 Qxd5 3. Nc3 Qd6 4. d4 Nf6 5. Nf3 Bg4 6. h3 Bxf3 7. Qxf3 c6 8. Be3 e6 9. O-O-O Be7 10. g4 Nbd7 11.
Kb1 Nb6 12. g5 Nfd5 13. Ne4 Qb4 14. c3 Qa4 15. Bd3 Nc4 16. b3 Na3+ 17. Kb2 Qa5 18. b4 Qa4 19. Nc5 Bxc5 20. dxc5 Nxb4 21. Bc1 Nd5 22. Qe4 Qxe4 23. Bxe4 Nc4+ 24. Kb3 Ne5 25. c4 Nc7 26. Bf4 Na6 27. Be3 Nd7 28. Bg2 Ndxc5+ 29. Kc3 Rd8 30. f4 Ke7 31. h4 Rxd1 32. Rxd1 Rd8 33. Rxd8 Kxd8 34. h5 Ke7 35. h6 gxh6 36. gxh6 Kf6 37.
Bd4+ Kg6 38. Bg7 Nb8 39. Kd4 Nbd7 40. Bf1 e5+ 41. fxe5 Ne6+ 42. Ke4 Nxg7 43. hxg7 Kxg7 44. Bh3 Nc5+ 45. Kf5 Nd3 46. a3 Nb2 47. Bf1 Nd1 48.
Kf4 Nc3 49. Ke3 Kg6 50. Kd4 Nd1 51. Be2 Nf2 52. c5 Kf5 53. Bd1 h5 54. Bxh5 Ke6 0-1

[Event "*** Titled Tuesday Blitz"]
[Site "Chess.com"]
[Date "2020.05.05"]
[Round "2"]
[White "Djager97"]
[Black "rakshi2005"]
[Result "1/2-1/2"]
[WhiteElo "2478"]
[BlackElo "2272"]
[TimeControl "180+1"]
[EndTime "10:18:46 PDT"]
[Termination "Game drawn - insufficient material"]

1. e4 e5 2. Nf3 Nc6 3. d4 exd4 4. Nxd4 Nf6 5. Nc3 Bb4 6. Nxc6 bxc6 7. Bd3 O-O 8. O-O d5 9. Bd2 Bxc3 10. Bxc3 Nxe4 11. Bxe4 dxe4 12. Qe2 Bf5 13. Qe3 Bg6 14. Rad1 Qe7 15. Rd4 Rfd8 16. Rfd1 c5 17. Rxd8+ Rxd8 18. Rxd8+ Qxd8 19.
h3 Qd1+ 20. Kh2 Qd6+ 21. Kg1 f5 22. Bd2 Bf7 23. b3 Qd4 24. Qg5 Qa1+ 25. Kh2 Qf6 26.
Qxf6 gxf6 27. Be3 c4 28. Bxa7 cxb3 29. cxb3 Kf8 30. Kg3 Ke7 31. Kf4 Ke6 32. Bd4 Be8 33. a4 Bc6 34. Bc3 Bd5 35. b4 Bc6 36. b5 Bd5 37. a5 Bc4 38. b6 cxb6 39. axb6 Bd5 40. Ke3 Bb7 41. Kd4 e3 42. Kxe3 Bxg2 43. h4 Bb7 44.
Kd4 f4 45. Bd2 Kf5 46. Kc5 Kg4 47. Kd6 Kxh4 48. Kc7 Bd5 49. Bxf4 Kg4 50. Bh6 Kf3 51. Kd6 Bb7 52. Ke6 Kxf2 53. Kxf6 Ke2 54. Kg7 Kd3 55. Kxh7 Kc4 56. Kg7 Kb5 57. Kf6 Kxb6 1/2-1/2